Map: Gresvan LE

Players

SuperTeeJ

  • Race: Terran Terran
  • Spawn Location: 5:00

NeoSatori - Winner!

  • Race: Zerg Zerg
  • League: Gold
  • Spawn Location: 11:00

VOD

Have the link to the VOD?

Description

Time

  • Played on: Feb. 20, 2023, 4:16 p.m.
  • Length: 28:40
Show
View Real Time Build Order
Export as new Build Order

SuperTeeJ Terran 

Build Orders:  

Get SALT Encoding   

  12  0:00  SCV  
  13  0:13  SCV  
  14  0:21  Supply Depot  
  14  0:25  SCV  
  15  0:43  SCV  
  15  0:44  Barracks  
  16  0:53  Refinery  
  16  0:55  SCV  
  17  1:07  SCV  
  17  1:10  Refinery  
  18  1:19  SCV  
  19  1:31  SCV  
  20  1:40  Marine  
  20  1:42  Bunker  
  20  1:43  SCV  
  22  1:53  Barracks  
  22  1:56  Orbital Command  
  22  1:58  Marine  
  23  2:22  Supply Depot  
  23  2:30  Supply Depot  
  23  2:33  Marine  
  24  2:46  Marine  
  24  2:48  Command Center  
  24  2:51  Marine  
  26  2:58  Factory  
  26  3:07  SCV  
  26  3:12  Barracks Tech Lab, Barracks Reactor  
  26  3:38  Reaper  
  27  3:43  Starport  
  27  3:44  Factory Tech Lab  
  27  3:45  Factory Reactor  
  27  4:01  Marine, Refinery  
  28  4:05  Orbital Command, Refinery  
  28  4:10  Reaper  
  29  4:26  Widow Mine x2  
  29  4:27  Medivac  
  34  4:52  Engineering Bay, Widow Mine x2  
  38  4:55  Reaper  
  36  5:41  Armory  
  36  5:48  Missile Turret  
  36  5:50  Missile Turret x2  
  35  6:20  Starport Tech Lab  
  35  6:21  Widow Mine  
  35  6:22  Widow Mine  
  39  6:43  Widow Mine  
  39  7:06  Medivac  
  43  7:09  Widow Mine x2  
  43  7:13  SCV x2  
  43  7:15  Marine x3  
  50  7:25  SCV x2  
  52  7:31  Command Center  
  52  7:33  Command Center, Marine x2  
  52  7:34  Command Center  
  52  7:37  SCV  
  49  8:06  Widow Mine x2  
  49  8:10  SCV x2  
  55  8:21  Marine x3  
  55  8:22  SCV x2, Combat Shield  
  60  8:27  Widow Mine  
  57  8:34  SCV x2  
  57  8:38  Marine  
  57  8:39  Marine x2  
  55  8:56  Marine  
  55  8:57  Marine x2  
  51  9:14  Marine  
  48  9:29  Widow Mine x2  
  48  9:30  Liberator  
  44  9:40  Terran Vehicle Weapons Level 1  
  44  9:44  Marine  
  41  9:51  Widow Mine x2  
  37  9:53  Supply Depot  
  37  9:54  Supply Depot x2  
  37  9:58  Planetary Fortress  
  35  10:12  Widow Mine  
  35  10:28  Factory  
  35  10:29  Orbital Command, Factory x2  
  35  10:55  Neosteel Armor  
  35  11:32  Planetary Fortress  
  35  11:44  Widow Mine x5  
  45  12:05  Widow Mine x3  
  45  12:06  Widow Mine x2  
  55  12:26  Widow Mine  
  52  12:36  Widow Mine x3  
  52  12:47  Planetary Fortress  
  52  12:53  Orbital Command  
  52  12:58  SCV x2  
  54  13:10  SCV  
  55  13:52  SCV  
  55  13:53  SCV x2  
  55  13:54  Widow Mine x5  
  64  14:40  Widow Mine x3  
  64  14:41  Widow Mine  
  64  14:44  Factory Tech Lab  
  68  14:57  Barracks Reactor x2  
  68  15:01  Widow Mine  
  68  15:02  Widow Mine x3  
  68  15:04  SCV x4  
  74  15:16  SCV x3  
  74  15:17  SCV  
  74  15:20  Widow Mine  
  74  15:21  Drilling Claws  
  80  15:23  Widow Mine x4  
  88  15:41  Widow Mine  
  87  15:44  Widow Mine x2  
  87  15:45  Widow Mine x2  
  90  16:10  Supply Depot  
  90  16:12  Supply Depot  
  90  16:16  Supply Depot x2  
  90  16:25  Orbital Command  
  84  16:32  Widow Mine x4  
  92  16:33  Widow Mine  
  92  16:36  Supply Depot  
  92  16:53  Widow Mine x4  
  100  16:54  Widow Mine  
  102  17:05  Refinery  
  102  17:09  Refinery  
  102  17:15  Widow Mine x4  
  110  17:16  Widow Mine  
  112  17:36  Widow Mine x4  
  114  17:37  Widow Mine  
  112  17:58  Widow Mine x4  
  118  17:59  Widow Mine  
  106  18:19  Widow Mine x4  
  104  18:20  Widow Mine  
  102  18:40  Widow Mine x4  
  110  18:41  Widow Mine  
  89  19:02  Widow Mine x4  
  99  19:03  Widow Mine  
  97  19:23  Widow Mine x3  
  99  19:25  Widow Mine x2  
  103  19:45  Widow Mine x3  
  109  19:47  Widow Mine  
  111  19:54  Viking  
  111  19:58  Marine x3  
  111  19:59  Marine  
  117  20:16  Marine x3  
  120  20:24  Viking  
  122  20:30  Command Center  
  122  20:35  Command Center, Widow Mine x3  
  130  20:36  Widow Mine x2  
  132  21:03  Widow Mine x2  
  132  21:04  Viking  
  132  21:05  Widow Mine  
  132  21:09  Supply Depot x2  
  132  21:10  Supply Depot  
  132  21:11  Widow Mine  
  132  21:12  Widow Mine  
  129  21:31  Widow Mine  
  129  21:32  Widow Mine x2  
  137  21:33  Widow Mine x2  
  137  21:34  Viking  
  141  21:42  Planetary Fortress  
  141  21:53  Widow Mine x3  
  141  21:54  Widow Mine x2, Smart Servos  
  151  22:04  Viking  
  153  22:14  Widow Mine  
  147  22:24  Terran Ship Weapons Level 1  
  147  22:34  Viking  
  121  23:16  Fusion Core  
  121  23:20  Factory Tech Lab  
  121  23:21  Factory Tech Lab  
  111  23:29  Thor  
  111  23:33  Hellbat x2  
  108  23:47  Orbital Command  
  87  23:54  Hellbat x2  
  85  24:00  Thor  
  87  24:03  Hellbat  
  89  24:13  Hellbat  
  89  24:16  Hellbat  
  93  24:17  Orbital Command  
  93  24:38  Missile Turret  
  93  24:42  Thor  
  97  25:12  Thor  
  97  25:14  Hellbat x3  
  109  25:25  Hellbat  
  109  25:27  SCV  
  112  25:35  Hellbat x2  
  116  25:39  SCV  
  117  25:44  Orbital Command  
  117  25:52  SCV  
  97  26:30  SCV  
  97  26:31  SCV x3  
  101  26:34  Thor  
  101  26:35  Thor  
  113  26:42  SCV  
  113  26:43  SCV x3  
  111  26:54  SCV  
  111  26:55  SCV  
  95  27:11  Widow Mine x2  
  95  27:12  Widow Mine  
  77  27:18  Widow Mine x2  
  81  27:33  Widow Mine  
Show
View Real Time Build Order
Export as new Build Order

NeoSatori Zerg - Winner!

Build Orders: Pool First 

Get SALT Encoding   

  12  0:11  Drone  
  12  0:13  Overlord  
  13  0:17  Drone  
  14  0:31  Drone  
  15  0:41  Spawning Pool  
  15  0:42  Drone  
  15  0:47  Drone  
  16  0:57  Drone  
  17  1:16  Drone  
  17  1:17  Hatchery  
  17  1:28  Queen  
  19  1:41  Zergling x6  
  22  1:58  Hatchery  
  22  2:00  Drone  
  22  2:10  Extractor  
  21  2:18  Drone  
  22  2:26  Hatchery  
  21  2:38  Zergling x6  
  23  2:50  Drone x4  
  26  2:55  Extractor  
  26  2:58  Overlord  
  25  3:04  Drone  
  26  3:06  Drone  
  27  3:14  Overlord  
  27  3:35  Zergling x14  
  34  3:42  Drone x2  
  34  3:48  Drone x2  
  38  3:51  Drone  
  38  3:53  Drone  
  40  3:56  Drone  
  40  4:02  Metabolic Boost  
  41  4:09  Drone  
  44  4:10  Drone x2  
  44  4:22  Roach Warren  
  43  4:27  Evolution Chamber  
  42  4:34  Evolution Chamber  
  42  4:38  Extractor, Drone x6  
  46  4:45  Lair  
  46  5:02  Spine Crawler  
  46  5:05  Roach x3  
  46  5:06  Roach  
  42  5:25  Zergling x16  
  48  5:29  Drone x2  
  50  5:37  Zerg Ground Armor Level 1  
  50  5:40  Drone  
  51  5:46  Drone x2  
  55  5:57  Roach  
  55  5:59  Overlord x2  
  54  6:10  Roach  
  55  6:14  Drone  
  55  6:15  Overlord  
  44  6:26  Roach x3  
  44  6:31  Overseer  
  50  6:41  Drone x6  
  56  7:00  Pneumatized Carapace  
  51  7:10  Drone  
  51  8:00  Drone x2  
  53  8:09  Drone  
  53  8:10  Drone  
  55  8:18  Drone x2  
  57  8:22  Spore Crawler  
  46  8:50  Spine Crawler  
  46  8:53  Spore Crawler  
  46  8:54  Roach  
  46  8:55  Roach x2  
  50  9:07  Zergling x2  
  50  9:08  Zergling x18  
  52  9:25  Zergling x8  
  56  9:38  Drone x5  
  59  9:51  Roach x4  
  67  9:53  Drone x3  
  70  10:26  Drone x2  
  70  10:27  Overlord x3  
  70  10:28  Overlord x2  
  72  10:40  Spore Crawler  
  69  10:43  Extractor  
  61  10:54  Zergling x2  
  61  10:55  Zergling x22  
  62  11:12  Spore Crawler  
  62  11:15  Spore Crawler  
  59  11:30  Drone  
  59  11:31  Drone x8  
  67  11:50  Zerg Missile Weapons Level 1  
  67  12:09  Drone  
  67  12:10  Drone x11  
  67  12:37  Overseer  
  67  12:44  Spire  
  67  12:45  Drone x3  
  69  13:02  Hatchery  
  68  13:09  Hatchery  
  67  13:18  Spire  
  66  13:25  Hatchery  
  65  13:32  Queen  
  66  13:36  Zergling x6  
  67  14:03  Mutalisk  
  67  14:04  Mutalisk x5  
  67  14:06  Zergling x2  
  67  14:07  Zergling x6  
  83  14:16  Zergling x4  
  85  14:18  Overseer x2  
  85  14:46  Mutalisk  
  85  14:48  Zergling x2  
  85  14:49  Zergling x20  
  94  14:57  Drone x3  
  94  14:59  Drone  
  91  15:07  Drone x3  
  91  15:13  Extractor  
  93  15:15  Extractor  
  92  15:23  Drone  
  92  15:24  Drone x6  
  92  15:25  Overlord  
  92  15:26  Overlord x5  
  99  15:35  Roach x4  
  97  15:51  Roach  
  97  15:52  Roach x8  
  97  15:54  Zergling x6  
  113  16:09  Roach x4  
  121  16:14  Drone  
  121  16:15  Drone x5  
  121  16:23  Zergling x10  
  126  16:27  Drone  
  126  16:29  Corruptor  
  122  16:41  Drone  
  122  16:42  Drone x8  
  131  16:55  Drone  
  131  16:56  Drone  
  133  17:12  Extractor  
  132  17:18  Drone  
  132  17:19  Drone x2  
  132  17:20  Extractor  
  132  17:21  Drone x3  
  137  17:24  Zergling x8  
  137  17:25  Zergling x22  
  148  17:47  Overseer  
  148  17:49  Overseer x2  
  146  17:57  Mutalisk  
  128  17:58  Mutalisk x2  
  128  17:59  Mutalisk  
  128  18:01  Zergling x6  
  128  18:02  Zergling x28  
  137  18:13  Drone x7  
  137  18:16  Zergling x2  
  137  18:17  Zergling x4  
  147  18:25  Mutalisk x2  
  151  18:27  Zergling x4  
  151  18:28  Zergling x2  
  154  18:34  Hatchery  
  154  18:35  Hatchery  
  142  18:44  Drone x2  
  119  18:53  Zergling x20  
  128  19:00  Mutalisk  
  129  19:03  Overlord x5  
  129  19:04  Overlord x7  
  129  19:07  Drone  
  130  19:10  Zerg Flyer Armor Level 1  
  130  19:14  Zerg Flyer Weapons Level 1, Zerg Missile Weapons Level 2  
  130  19:16  Glial Reconstitution  
  129  19:23  Ravager  
  112  19:28  Mutalisk  
  114  19:33  Drone x2  
  114  19:35  Overseer  
  116  19:40  Roach x3  
  116  19:42  Zergling x34  
  139  19:50  Infestation Pit  
  138  19:58  Drone x10  
  148  20:06  Drone  
  149  20:10  Hatchery, Drone  
  149  20:15  Extractor  
  149  20:16  Burrow  
  149  20:17  Extractor  
  147  20:29  Hatchery  
  147  20:31  Evolution Chamber  
  147  20:33  Mutalisk  
  147  20:34  Mutalisk x4  
  155  20:36  Zergling x2  
  155  20:37  Zergling x16  
  129  21:18  Drone x2  
  129  21:19  Drone x7  
  129  21:20  Drone  
  129  21:22  Drone  
  140  21:26  Drone  
  140  21:27  Drone x2  
  140  21:29  Drone x3  
  146  21:46  Spore Crawler x2  
  138  21:48  Spore Crawler  
  138  21:49  Spine Crawler, Spore Crawler  
  138  21:50  Spine Crawler x3  
  138  21:52  Drone x3  
  135  21:54  Drone  
  135  21:55  Drone  
  135  21:57  Mutalisk x10  
  135  22:00  Zergling x18  
  135  22:01  Zergling x10  
  159  22:28  Drone x16  
  159  22:29  Drone x4  
  172  22:38  Spore Crawler  
  172  22:42  Mutalisk x4  
  114  22:53  Spine Crawler  
  114  22:56  Zergling x26, Spine Crawler  
  114  22:57  Zergling x16  
  133  23:01  Drone x3  
  136  23:08  Zerg Melee Weapons Level 1  
  136  23:10  Zerg Ground Armor Level 2  
  136  23:13  Drone x8  
  136  23:14  Drone x3  
  147  23:23  Drone x3  
  129  23:38  Zergling x20  
  129  23:39  Zergling x30  
  154  23:51  Corruptor x5  
  162  24:02  Corruptor  
  162  24:03  Corruptor  
  162  24:05  Overseer  
  162  24:12  Mutalisk  
  164  24:23  Drone x3  
  167  24:27  Drone  
  167  24:28  Drone x2  
  167  24:29  Extractor  
  169  24:32  Extractor  
  169  24:33  Spine Crawler  
  167  24:56  Extractor  
  167  24:57  Extractor  
  167  24:59  Hatchery  
  164  25:13  Mutalisk x11  
  164  25:14  Mutalisk  
  174  25:17  Zergling x24  
  200  25:24  Hatchery  
  200  25:27  Zerg Flyer Weapons Level 2  
  199  25:32  Hive  
  200  25:35  Drone  
  200  26:02  Zerg Melee Weapons Level 2  
  179  26:07  Roach  
  179  26:08  Roach x24  
  179  26:16  Roach  
  179  26:17  Roach  
  176  26:26  Spine Crawler  
  176  26:28  Spine Crawler  
  176  26:29  Spine Crawler  
  176  26:30  Spine Crawler  
  172  26:32  Spine Crawler  
  172  26:34  Spine Crawler x2  
  172  26:36  Spine Crawler x2  
  172  26:38  Spore Crawler  
  166  26:41  Zergling x28  
  166  26:42  Zergling x26  
  171  27:11  Overseer x3  
  171  27:12  Overseer x3  
  171  27:14  Viper  
  171  27:15  Roach x3  
  174  27:16  Roach x2  
  174  27:20  Roach  
  174  27:21  Roach x10  
  182  27:44  Zergling x26  
  171  27:45  Zergling x22  
  182  28:01  Zergling x24  
  182  28:04  Extractor  
  193  28:06  Drone x3  
Tags
 
League
Gold
Matchup
TvZ
Opening
Pool First
Spawn Locations
Cross Positions
Add a new tag
Caveats
  • Supply blocks, unpowered buildings, or Contaminate may cause inaccurate times.
  • Supply counts are checked every 10 seconds.